 Dungeon Crawl Stone Soup version 0.18-a0-1311-g779ca93 (webtiles) character file.

107780 Gorice the Bludgeoner (level 16, -2/149 HPs)
             Began as a Minotaur Wanderer on Feb 13, 2016.
             Was the Champion of Okawaru.
             Killed from afar by a tengu reaver (26 damage)
             ... with a bolt of lightning
             ... on level 14 of the Dungeon.
             The game lasted 02:41:23 (29823 turns).

Gorice the Bludgeoner (Minotaur Wanderer)          Turns: 29823, Time: 02:41:24

Health: -2/149     AC: 29    Str: 18    XL:     16   Next: 1%
Magic:  21/21      EV:  9    Int:  9    God:    Okawaru [******]
Gold:   1615       SH:  0    Dex: 16    Spells: 0 memorised, 15 levels left

rFire  . . .     SeeInvis +     a - +4 great mace (crush)
rCold  . . .     Gourm    .     q - +4 plate armour {MR+}
rNeg   + . .     Faith    .     (shield currently unavailable)
rPois  +         Spirit   .     (helmet restricted)
rElec  .         Dismiss  .     d - +2 cloak {+Inv}
rCorr  .         Reflect  .     e - +1 pair of gloves {archery}
SustAt .         Harm     .     G - +0 pair of boots of Cafrowey {rPois}
MR     ++...                    (no amulet)
Stlth  ..........               X - ring of see invisible
                                v - ring of positive energy

@: lethally poisoned (-2 -> -3), very slightly contaminated, very resistant to
hostile enchantments, extremely unstealthy
A: retaliatory headbutt, horns 2
a: Heroism, Finesse, Renounce Religion, Evoke Invisibility


You were on level 14 of the Dungeon.
You worshipped Okawaru.
Okawaru was exalted by your worship.
You were hungry.

You visited 4 branches of the dungeon, and saw 25 of its levels.
You also visited: Volcano.

You collected 3405 gold pieces.
You spent 1790 gold pieces at shops.

Inventory:

Hand Weapons
 a - a +4 great mace of crushing (weapon)
   (Okawaru gifted it to you on level 1 of the Lair of Beasts)
 b - the +6 hand crossbow of Indignation {elec, Int+2}
   (You found it on level 8 of the Dungeon)

   It charges the ammunition it shoots with electricity; occasionally upon a
   hit, such missiles may discharge and cause terrible harm.
   It affects your intelligence (+2).
Missiles
 c - 109 bolts
 Y - 3 throwing nets (quivered)
Armour
 d - a +2 cloak of invisibility (worn)
   (Okawaru gifted it to you on level 7 of the Lair of Beasts)
 e - a +1 pair of gloves of archery (worn)
   (You bought it in a shop on level 10 of the Dungeon)
 q - a +4 plate armour of magic resistance (worn)
   (You took it off an orc warrior on level 1 of the Orcish Mines)
 G - the +0 pair of boots of Cafrowey (worn) {rPois}
   (Okawaru gifted it to you on level 4 of the Lair of Beasts)

   It protects you from poison.
 V - the +3 shield of the Hart {rC+, unknown}
   (Okawaru gifted it to you on level 14 of the Dungeon)

   It protects you from cold.
Magical Staves
 W - an uncursed staff of fire
Rods
 B - a +3 rod of ignition (11/11) {!a}
   (You found it on level 1 of the Orcish Mines)
Jewellery
 i - an uncursed ring of flight
 m - an uncursed ring of resist corrosion
 r - an uncursed ring of sustain attributes
 s - an uncursed ring of positive energy
 v - a ring of positive energy (left hand)
 I - an uncursed ring of stealth
 X - a ring of see invisible (right hand)
Wands
 j - a wand of paralysis (15/24)
 t - a wand of acid (4/15)
 y - a wand of iceblast (4/15)
 J - a wand of lightning (5/15)
 M - a wand of disintegration (15/24)
 P - a wand of lightning (0/15)
 Q - a wand of teleportation (4/9) {!d}
 U - a wand of heal wounds (6/9) {!d}
Scrolls
 g - 6 scrolls of magic mapping {!r}
 k - 5 scrolls of fog
 C - 8 scrolls of teleportation {!r}
 F - a scroll of recharging
 H - 12 scrolls of remove curse
 N - a scroll of silence {!r}
 R - 4 scrolls of fear {!r}
 S - 3 scrolls of blinking
 T - a scroll of enchant weapon
Potions
 h - 2 potions of heal wounds {!q}
 n - a potion of resistance {unknown}
 o - 4 potions of might {!q}
 p - a potion of cure mutation {unknown}
 u - 3 potions of agility {!q}
 x - 2 potions of invisibility {!q}
 A - 6 potions of haste {!q}
 D - 7 potions of curing
 E - 2 potions of cancellation {!q}
 K - a potion of mutation {unknown}
 Z - 2 potions of berserk rage
Miscellaneous
 L - a lamp of fire
 O - a fan of gales
Comestibles
 f - 21 bread rations {!e}
 l - 2 chunks of flesh
 w - 29 fruits
 z - 2 beef jerkies


   Skills:
 - Level 15.0 Fighting
 - Level 20.0 Maces & Flails
 + Level 8.6 Crossbows
 + Level 15.8 Armour
 + Level 5.8 Dodging
 - Level 1.0 Stealth
 - Level 1.2 Shields
 - Level 8.0 Invocations
 + Level 4.9 Evocations


You had 15 spell levels left.
You didn't know any spells.

Dungeon Overview and Level Annotations

Branches:
Dungeon (14/15)            Temple (1/1) D:6            Lair (8/8) D:11
  Swamp (0/4) Lair:5       Spider (0/4) Lair:6        Slime (0/6) Lair:7
    Orc (2/2) D:12            Elf (0/3) Orc:2        Vaults (0/5) D:13

Altars:
Ashenzari
Cheibriados
Dithmenos
Elyvilon
Fedhas
Gozag
Kikubaaqudgha
Makhleb
Nemelex Xobeh
Okawaru
Pakellas
Qazlal
Ru
Sif Muna
Trog
Vehumet
Xom
Yredelemnul
Zin
The Shining One

Shops:
D:5 [   D:6 *   D:8 [!   D:10 *   Orc:2 :[(*

Annotations:
Lair:1 UX: stash
Lair:5 vpUX: ice statue island w loot, exclusion: ice statue


Innate Abilities, Weirdness & Mutations

You reflexively headbutt those who attack you in melee.
You have a pair of horns on your head.


Message History

Unknown command.
You closely miss the tengu reaver. Your headbutt misses the tengu reaver.
The tengu reaver is heavily wounded.
You feel sick.
Damage: 1 (max 15) Unknown command.
You hit the tengu reaver.
The tengu reaver is heavily wounded.
The tengu reaver hits you but does no damage.
The tengu reaver pecks you.
The tengu reaver claws you but does no damage.
Damage: 2 (max 15) Unknown command.
The tengu reaver blocks your attack.
You headbutt the tengu reaver, but do no damage.
The tengu reaver is heavily wounded.
You are feeling hungry.
You feel sick.
Damage: 1 (max 15) Unknown command.
You hit the tengu reaver.
The tengu reaver is severely wounded.
The tengu reaver casts a spell at you. The bolt of lightning hits you!
* * * LOW HITPOINT WARNING * * *
The battlesphere fires!
The barrage of energy hits you!
* * * LOW HITPOINT WARNING * * *
Damage: 57 (max 57) Unknown command.
Drink which item? (? for menu, Esc to quit)
Really quaff
h - 3 potions of heal wounds {!q}?
You feel much better.
You feel sick.
The tengu reaver gestures at you while chanting.
The bolt of lightning hits you!
* * * LOW HITPOINT WARNING * * *
The battlesphere fires!
The barrage of energy hits you!
Damage: 5 (max 57) Unknown command.
Read which item? (? for menu, Esc to quit)
Blink to where?
Press: ? - help, Dir - move target cursor You are very lightly contaminated with residual magic.
As you read the scroll of blinking, it crumbles to dust.
You feel sick.
Read which item? (? for menu, Esc to quit)
As you read the scroll of fog, it crumbles to dust.
The scroll dissolves into smoke.
The tengu reaver gestures at you while chanting.
The bolt of lightning hits you!
You die...

#.......#(.).....#......
#.[[....#D.......#......
#.......#....Y...#......
#.[.....#........#......
#.......#........#......
#.......#........#......
#....§..####'''###......
#.....§§#........#......
#.....§@#........##.....
#.....§§#.........#.....
#....§..#.........#.....
#^......#....(%...####..
#.......#..}.|(....# #..
#.......#..|[[[....# #..
#.......#.........## #..
#......Q#.........# #..
#.......#.........# #..


You could see a tengu reaver.

Vanquished Creatures
  Rupert (Lair:8)
  Agnes (D:14)
  Maud (D:13)
  An orc warlord (Orc:2)
  An apis (Lair:8)
  Nessos (Orc:2)
  Snorg (Lair:5)
  A fire dragon (D:11)
  A yaktaur captain (D:14)
  11 hydras
  An ice dragon (D:14)
  Erolcha (Orc:1)
  2 centaur warriors
  3 death yaks (Lair:8)
  4 orc high priests
  Urug (D:11)
  A hell knight (D:14)
  The ghost of Amnesiac the Grappler, a novice DrTm of Ru (D:7)
  A deep elf archer (D:14)
  3 unseen horrors
  A harpy (Lair:8)
  11 hill giants
  A necromancer (D:13)
  5 orc knights
  3 griffons
  4 orc sorcerers (Orc:2)
  2 deep elf magi (D:12)
  3 ugly things
  A wolf spider (Lair:8)
  A hornet (Lair:8)
  15 elephants
  4 manticores
  2 cyclopes (D:14)
  A guardian serpent (Lair:8)
  Joseph (D:11)
  Maurice (D:10)
  A torpor snail (Lair:3)
  A gargoyle (D:11)
  5 black mambas
  18 spiny frogs
  A kobold demonologist (D:12)
  5 komodo dragons
  9 fire drakes
  A tengu conjurer (D:14)
  A polar bear (Lair:5)
  9 trolls
  2 two-headed ogres
  A giant leech (Lair:5)
  16 blink frogs
  10 slime creatures
  2 flying skulls (Volcano)
  2 shadows (D:12)
  3 redbacks
  9 wyverns
  6 vampires
  2 wraiths
  46 yaks
  5 basilisks
  A steam dragon (D:7)
  2 hungry ghosts
  14 hippogriffs
  A hill giant skeleton (Volcano)
  8 wolves
  Menkaure (Volcano)
  10 vampire mosquitoes
  2 mottled dragons
  A warg (Orc:2)
  A soldier ant (D:11)
  17 water moccasins
  A hell hound (Lair:8)
  18 porcupines
  3 sky beasts
  2 merfolk skeletons (Volcano)
  3 phantoms
  21 ogres
  5 black bears
  37 orc warriors
  13 ice beasts
  12 wasps (Lair:8)
  A manticore skeleton (Volcano)
  8 centaurs
  19 crocodiles
  6 big kobolds
  2 wyvern zombies
  Blork the orc (D:11)
  22 giant frogs
  A water moccasin zombie (D:7)
  2 wyvern skeletons
  A scorpion (D:8)
  5 killer bees
  9 wights
  2 spriggan skeletons (Volcano)
  8 electric eels
  A vampire bat (Lair:5)
  A troll skeleton (Volcano)
  5 crimson imps
  14 two-headed ogre zombies (Orc:1)
  A giant frog skeleton (D:6)
  13 hounds
  4 centaur skeletons
  11 orc priests
  11 jellies
  12 iguanas
  A two-headed ogre skeleton (Volcano)
  7 hell rats (Lair:6)
  16 orc wizards
  21 worker ants
  30 sheep
  3 naga skeletons (Volcano)
  An ogre skeleton (Volcano)
  A hound skeleton (D:10)
  10 gnolls
  21 river rats
  14 adders
  5 shadow imps
  4 white imps (Lair:5)
  7 oozes
  An adder zombie (D:8)
  7 worms
  5 giant geckos
  83 orcs
  5 giant cockroaches
  14 goblins
  7 hobgoblins
  12 jackals
  6 quokkas
  3 ball pythons
  19 bats
  A giant gecko zombie (D:6)
  7 giant newts
  2 jackal zombies
  17 kobolds
  A quokka skeleton (D:10)
  4 rats (D:1)
  A fungus (Lair:1)
918 creatures vanquished.

Vanquished Creatures (others)
  A hound (D:7)
  A jackal (D:7)
  31 fungi
  26 plants
59 creatures vanquished.

Grand Total: 977 creatures vanquished

Notes
Turn   | Place    | Note
--------------------------------------------------------------
     0 | D:1      | Gorice the Minotaur Wanderer began the quest for the Orb.
     0 | D:1      | Gorice set off with: a +2 hand crossbow, 24 bolts, a +0 mace, a +0 buckler, a +0 robe, a bread ration {!e}
     0 | D:1      | Reached XP level 1. HP: 19/19 MP: 0/0
   135 | D:1      | Reached skill level 3 in Maces & Flails
   190 | D:1      | Reached XP level 2. HP: 27/27 MP: 1/1
   584 | D:1      | Reached skill level 4 in Maces & Flails
   597 | D:1      | Reached XP level 3. HP: 31/33 MP: 2/2
   841 | D:2      | Reached skill level 4 in Fighting
  1227 | D:2      | Reached XP level 4. HP: 38/40 MP: 3/3
  1384 | D:2      | Reached skill level 5 in Maces & Flails
  1810 | D:3      | Reached XP level 5. HP: 47/47 MP: 4/4
  2214 | D:3      | Reached skill level 3 in Armour
  2512 | D:3      | Reached skill level 5 in Fighting
  2700 | D:4      | Reached skill level 6 in Maces & Flails
  2773 | D:4      | Noticed an ogre
  2784 | D:4      | Killed an ogre
  2784 | D:4      | Reached XP level 6. HP: 30/56 MP: 5/5
  3490 | D:5      | Entered Level 5 of the Dungeon
  3683 | D:5      | Reached skill level 7 in Maces & Flails
  3731 | D:5      | Reached skill level 4 in Armour
  3879 | D:5      | Reached XP level 7. HP: 50/62 MP: 6/6
  3918 | D:5      | Found Puhusass's Armour Emporium.
  4070 | D:5      | Reached skill level 6 in Fighting
  4514 | D:6      | Found an ancient bone altar of Kikubaaqudgha.
  4521 | D:6      | Reached skill level 8 in Maces & Flails
  4604 | D:5      | Reached skill level 5 in Armour
  4798 | D:5      | HP: 1/64 [orc warrior/halberd (19)]
  4871 | D:5      | Reached XP level 8. HP: 28/71 MP: 7/7
  5139 | D:6      | Reached skill level 7 in Fighting
  5147 | D:6      | Found a snail-covered altar of Cheibriados.
  5181 | D:6      | Found a staircase to the Ecumenical Temple.
  5192 | D:6      | Reached skill level 9 in Maces & Flails
  5213 | Temple   | Entered the Ecumenical Temple
  5481 | D:6      | Found an opulent altar of Gozag.
  5529 | D:6      | Found a sacrificial altar of Ru.
  5541 | D:6      | Reached skill level 6 in Armour
  5568 | D:6      | Found a shadowy altar of Dithmenos.
  5571 | D:6      | Found a blossoming altar of Fedhas.
  5574 | D:6      | Found a radiant altar of Vehumet.
  5999 | D:6      | Found Yllis's General Store.
  6173 | D:7      | Found a glowing silver altar of Zin.
  6173 | D:7      | Found a white marble altar of Elyvilon.
  6173 | D:7      | Found a glowing golden altar of the Shining One.
  6224 | D:7      | Noticed Amnesiac's ghost (novice DrTm)
  6447 | D:7      | Reached skill level 10 in Maces & Flails
  6671 | D:7      | Reached XP level 9. HP: 63/81 MP: 8/8
  6702 | D:7      | Reached skill level 7 in Armour
  6718 | D:7      | Found a shimmering altar of Xom.
  6937 | D:7      | Found a shattered altar of Ashenzari.
  6991 | D:7      | Reached skill level 8 in Fighting
  7304 | D:7      | Reached skill level 11 in Maces & Flails
  7454 | D:8      | Got a blackened whip
  7455 | D:8      | Identified the +4 whip of Ragnarok {drain, rPois} (You found it on level 8 of the Dungeon)
  7459 | D:8      | Found Gioqix's Distillery.
  7482 | D:8      | Bought a potion of haste for 110 gold pieces
  7482 | D:8      | Bought a potion of degeneration for 11 gold pieces
  7488 | D:8      | Found Haytitt's Armour Shop.
  7502 | D:8      | Got an ivory hand crossbow
  7503 | D:8      | Identified the +6 hand crossbow of Indignation {elec, Int+2} (You found it on level 8 of the Dungeon)
  7728 | D:8      | Reached skill level 8 in Armour
  7784 | D:8      | Found an iron altar of Okawaru.
  7791 | D:8      | Became a worshipper of Warmaster Okawaru
  7799 | D:8      | Reached skill level 9 in Fighting
  7984 | D:8      | Found a burning altar of Makhleb.
  8032 | D:8      | Found an opulent altar of Gozag.
  8082 | D:8      | Bought a potion of might for 44 gold pieces
  8082 | D:8      | Bought a potion of agility for 44 gold pieces
  8323 | D:9      | Reached skill level 12 in Maces & Flails
  8364 | D:9      | Reached * piety under Okawaru
  8393 | D:9      | Reached XP level 10. HP: 84/91 MP: 9/9
  8434 | D:9      | Found a stormy altar of Qazlal.
  8620 | D:10     | Entered Level 10 of the Dungeon
  8636 | D:10     | Noticed Maurice
  8746 | D:10     | Found a flagged portal.
  8757 | D:10     | Reached skill level 9 in Armour
  8881 | D:10     | Noticed a hill giant
  8890 | D:10     | Killed a hill giant
  8890 | D:10     | Reached ** piety under Okawaru
  8890 | D:10     | Reached skill level 10 in Fighting
  8890 | D:10     | Reached skill level 13 in Maces & Flails
  8997 | D:10     | Killed Maurice
  9459 | D:10     | Found Xaorullu's Assorted Antiques.
  9472 | D:10     | Bought a runed morningstar for 124 gold pieces
  9745 | D:11     | Noticed a hill giant
  9774 | D:11     | Killed a hill giant
  9824 | D:11     | Reached *** piety under Okawaru
  9985 | D:11     | Reached skill level 10 in Armour
 10038 | D:11     | Found a staircase to the Lair.
 10068 | D:11     | Reached skill level 14 in Maces & Flails
 10332 | D:11     | Reached XP level 11. HP: 96/101 MP: 10/10
 10562 | D:11     | Reached **** piety under Okawaru
 10655 | D:11     | Killed an unseen horror
 10655 | D:11     | Reached skill level 11 in Fighting
 10666 | D:11     | Noticed a hill giant
 10678 | D:11     | Killed a hill giant
 10850 | Lair:1   | Entered Level 1 of the Lair of Beasts
 10937 | D:11     | Noticed Urug
 10950 | D:11     | Killed Urug
 10950 | D:11     | Reached skill level 1 in Invocations
 10976 | D:11     | Found a burning altar of Makhleb.
 11027 | D:11     | Noticed a hill giant
 11031 | D:11     | Killed a hill giant
 11031 | D:11     | Reached ***** piety under Okawaru
 11117 | D:11     | Noticed an orc knight
 11118 | D:11     | Noticed Blork the orc
 11118 | D:11     | Reached skill level 15 in Maces & Flails
 11120 | D:11     | Killed Blork the orc
 11131 | D:11     | Noticed Joseph
 11135 | D:11     | Killed an orc knight
 11158 | D:11     | Killed Joseph
 11158 | D:11     | Reached skill level 2 in Invocations
 11165 | D:11     | Reached skill level 11 in Armour
 11434 | D:11     | Noticed a fire dragon
 11454 | D:11     | HP: 23/102 [fire dragon/blast of flame (20)]
 11456 | D:11     | Killed a fire dragon
 11493 | D:11     | Got a transparent quarterstaff
 11813 | Lair:1   | Noticed a seven-headed hydra
 11832 | Lair:1   | Killed a seven-headed hydra
 11832 | Lair:1   | Reached skill level 3 in Invocations
 11990 | Lair:1   | Received a gift from Okawaru
 12064 | Lair:1   | Noticed an eight-headed hydra
 12073 | Lair:1   | Killed an eight-headed hydra
 12073 | Lair:1   | Reached XP level 12. HP: 92/112 MP: 13/13
 12119 | Lair:1   | Reached skill level 12 in Fighting
 12310 | Lair:1   | Reached skill level 16 in Maces & Flails
 12521 | Lair:1   | Reached skill level 4 in Invocations
 13604 | Lair:3   | Noticed a six-headed hydra
 13608 | Lair:3   | Killed a six-headed hydra
 13738 | Lair:3   | Reached skill level 5 in Invocations
 13780 | Lair:3   | Reached ****** piety under Okawaru
 13825 | Lair:3   | Reached skill level 12 in Armour
 13910 | Lair:3   | Found a dark tunnel.
 13968 | Volcano  | Entered a volcano
 14134 | Volcano  | Noticed Menkaure
 14141 | Volcano  | Killed Menkaure
 14435 | Lair:3   | Reached skill level 17 in Maces & Flails
 14548 | Lair:3   | Reached skill level 6 in Invocations
 15133 | D:7      | Killed Amnesiac's ghost
 15188 | D:5      | Bought a +4 plate armour of fire resistance for 650 gold pieces
 15658 | Lair:4   | Reached XP level 13. HP: 111/119 MP: 16/16
 15664 | Lair:4   | Received a gift from Okawaru
 15674 | Lair:4   | Got a pair of ancient boots {god gift}
 15685 | Lair:4   | Identified the +0 pair of boots of Cafrowey {rPois} (Okawaru gifted it to you on level 4 of the Lair of Beasts)
 16446 | Lair:4   | Reached skill level 13 in Fighting
 16882 | Lair:5   | Found a shattered altar of Ashenzari.
 16990 | Lair:5   | Noticed Snorg
 17002 | Lair:5   | Killed Snorg
 17309 | Lair:5   | Found a staircase to the Swamp.
 17785 | Lair:6   | Reached skill level 7 in Invocations
 17944 | Lair:6   | Found a hole to the Spider Nest.
 18808 | Lair:7   | Reached skill level 18 in Maces & Flails
 18808 | Lair:7   | Reached skill level 13 in Armour
 18862 | Lair:7   | Received a gift from Okawaru
 19400 | Lair:7   | Reached skill level 14 in Fighting
 19527 | Lair:7   | Reached XP level 14. HP: 73/132 MP: 18/18
 19536 | Lair:7   | Reached skill level 8 in Invocations
 19664 | Lair:7   | Found a staircase to the Slime Pits.
 20139 | Lair:8   | Entered Level 8 of the Lair of Beasts
 20404 | Lair:8   | Reached skill level 2 in Crossbows
 20491 | Lair:8   | Noticed Rupert
 20533 | Lair:8   | Killed Rupert
 20533 | Lair:8   | Received a gift from Okawaru
 20533 | Lair:8   | Reached skill level 19 in Maces & Flails
 20544 | Lair:8   | Got a spiked scale mail {god gift}
 20564 | Lair:8   | Identified the +6 scale mail "Qaloghy" {Dex+2} (Okawaru gifted it to you on level 8 of the Lair of Beasts)
 20709 | Lair:8   | Reached skill level 3 in Crossbows
 20970 | Lair:8   | Reached skill level 14 in Armour
 21513 | Lair:8   | Noticed an apis
 21531 | Lair:8   | Reached skill level 4 in Crossbows
 21628 | Lair:8   | Killed an apis
 22104 | Lair:8   | HP: 38/133 [poisoned by a redback]
 22109 | Lair:8   | HP: 28/133 [poisoned by a redback]
 22114 | Lair:8   | HP: 23/133 [poisoned by a redback]
 22120 | Lair:8   | HP: 19/133 [poisoned by a redback]
 22125 | Lair:8   | HP: 16/133 [poisoned by a redback]
 22131 | Lair:8   | HP: 15/133 [poisoned by a redback]
 22137 | Lair:8   | HP: 15/133 [poisoned by a redback]
 22145 | Lair:8   | HP: 16/133 [poisoned by a redback]
 22833 | D:10     | Bought a pair of runed gloves for 139 gold pieces
 22833 | D:10     | Bought a fuming grey potion for 27 gold pieces
 22984 | D:12     | Received a gift from Okawaru
 22997 | D:12     | Reached skill level 15 in Fighting
 23067 | D:12     | Reached skill level 5 in Crossbows
 23483 | D:12     | Reached XP level 15. HP: 141/141 MP: 20/20
 23587 | D:12     | Found a staircase to the Orcish Mines.
 24214 | D:5      | Bought a +2 plate armour of magic resistance for 520 gold pieces
 24405 | Orc:1    | Entered Level 1 of the Orcish Mines
 24808 | Orc:1    | Reached skill level 20 in Maces & Flails
 25017 | Orc:1    | Noticed Erolcha
 25072 | Orc:1    | Reached skill level 1 in Dodging
 25077 | Orc:1    | Killed Erolcha
 25113 | Orc:1    | Identified a +3 rod of ignition (11/11) (You found it on level 1 of the Orcish Mines)
 25402 | Orc:2    | Entered Level 2 of the Orcish Mines
 25412 | Orc:2    | Reached skill level 6 in Crossbows
 25474 | Orc:2    | Reached skill level 1 in Evocations
 25499 | Orc:2    | Found Cuuj Umeka's Book Shop.
 25573 | Orc:2    | Reached skill level 2 in Dodging
 25982 | Orc:2    | Found Tyunoem's Antique Armour Shop.
 25995 | Orc:2    | --heh The Orange CP in a shop 2nd game in a row!
 25995 | Orc:2    | Bought a pair of runed boots for 121 gold pieces
 26023 | Orc:2    | Noticed an orc warlord
 26033 | Orc:2    | Noticed Nessos
 26040 | Orc:2    | Killed Nessos
 26040 | Orc:2    | Reached skill level 15 in Armour
 26040 | Orc:2    | Reached skill level 2 in Evocations
 26050 | Orc:2    | Killed an orc warlord
 26050 | Orc:2    | Reached skill level 3 in Dodging
 26064 | Orc:2    | Found Vuoj's Antique Weapon Shop.
 26264 | Orc:2    | Found a staircase to the Elven Halls.
 26301 | Orc:2    | Found Acimimul's General Store.
 26325 | Orc:2    | Reached skill level 7 in Crossbows
 26902 | D:13     | Reached skill level 3 in Evocations
 26982 | D:13     | Reached skill level 4 in Dodging
 27053 | D:13     | Noticed Maud
 27062 | D:13     | Killed Maud
 27062 | D:13     | Received a gift from Okawaru
 27094 | D:13     | Found a gate to the Vaults.
 27206 | D:13     | Received a gift from Okawaru
 27732 | D:13     | Identified a scroll of acquirement
 28137 | D:14     | Reached skill level 4 in Evocations
 28154 | D:14     | Reached skill level 8 in Crossbows
 28173 | D:14     | Reached skill level 5 in Dodging
 28374 | D:14     | Noticed Agnes
 28385 | D:14     | Killed Agnes
 28830 | D:14     | Found a runed gate.
 28830 | D:14     | Found a runed gate.
 28830 | D:14     | Found a runed gate.
 28887 | D:14     | Found a runed gate.
 28887 | D:14     | Found a runed gate.
 28887 | D:14     | Found a runed gate.
 29299 | D:14     | Noticed a tengu reaver
 29338 | D:14     | HP: 40/141 [ice dragon/blast of cold (17)]
 29717 | D:14     | Received a gift from Okawaru
 29754 | D:14     | Got a heavily runed shield {god gift}
 29794 | D:14     | Reached XP level 16. HP: 119/149 MP: 21/21
 29820 | D:14     | HP: 44/149 [tengu reaver/bolt of lightning (42)]
 29823 | D:14     | Killed from afar by a tengu reaver

Vault maps used:
D:1:      dpeg_arrival_rooms_a, serial_park_tiny_1, minivault_23
D:2:      minivault_11, kennysheep_generic_room_16
D:3:      first_bread, hangedman_decor_growths
D:5:      serial_shops, nicolae_shop_behind_doors
D:6:      cheibriados_altar_1, minitemple, grunt_temple_overflow_open,
          temple_fountains, serial_shops, shop, serial_bayou_pond_e
D:7:      good_gods_mini_temple, xom_confusion_cloud, grunt_ogre_cave,
          ashenzari_altar_1
D:8:      okawaru_ov_weapons_minmay, kennysheep_mini_moat, serial_shops, shop,
          nicolae_shop_stone, nicolae_gozag_cash_rules_everything_around_me
D:9:      lemuel_round_altar
D:10:     enter_bailey_3, serial_shops, nicolae_shop_statue_plus, uniq_maurice
D:11:     dragon1_lemuel, erik_lair_island, basic_altar, sword_in_stone,
          uniq_urug
D:12:     kennysheep_orc_monster_closet_entryway, kennysheep_minor_cross
D:13:     david_vaults_1, serial_bayou_crossing, uniq_maud
D:14:     kennysheep_treasure_stockpile, kennysheep_cross_room, uniq_agnes
Temple:   hc_temple_tempest_star_small
Lair:2:   grunt_megastairs_2
Lair:3:   enter_volcano_3, beast_lair_carwin_1
Lair:5:   minmay_swamp_entry_worms, basic_altar, small_statue_intersection,
          fungi_pond_lemuel, roderic_batcave, ice2_lemuel, grunt_megastairs_4,
          serial_bayou_shore_b, uniq_snorg
Lair:6:   dummy_spider_entry
Lair:7:   nicolae_slime_entry_slimehenge, lemuel_fruit_fields,
          serial_bayou_shore_a, grunt_megastairs_1, lemuel_fruit_fields
Lair:8:   hangedman_lair_tendril_chambers, special_room,
          nicolae_quartered_pool_super, lemuel_fruit_tree, uniq_rupert
Orc:1:    lemuel_ogre_cave, lightli_orcish_oven
Orc:2:    grunt_orc_gardens, grunt_orc_garden, grunt_orc_garden,
          grunt_orc_garden, grunt_orc_garden, uniq_nessos
Volcano:  volcano_tomb

Action                   |  1- 3 |  4- 6 |  7- 9 | 10-12 | 13-15 | 16-18 || total
-------------------------+-------+-------+-------+-------+-------+-------++-------
Melee: Mace              |    38 |    44 |       |       |       |       ||    82
       Morningstar       |       |   138 |   272 |   340 |       |       ||   750
       Hand axe          |       |     2 |       |       |       |       ||     2
       Whip              |       |       |     2 |       |       |       ||     2
       Great mace        |       |       |       |   295 |  1281 |    10 ||  1586
       Hand crossbow     |       |       |       |       |     2 |       ||     2
 Fire: Hand crossbow     |    50 |    26 |    81 |   133 |   228 |       ||   518
Throw: Tomahawk          |       |     1 |       |       |       |       ||     1
       Stone             |       |     1 |       |       |       |       ||     1
       Throwing net      |       |       |       |       |     1 |       ||     1
Invok: Heroism           |       |       |       |    13 |    12 |       ||    25
       Finesse           |       |       |       |       |     4 |       ||     4
 Abil: Evoke Flight      |       |       |       |       |     6 |       ||     6
       Stop Flying       |       |       |       |       |     2 |       ||     2
Evoke: Wand              |       |       |     5 |     5 |       |       ||    10
  Use: Scroll            |     3 |     5 |     8 |    11 |     5 |     2 ||    34
       Potion            |       |       |     1 |     2 |       |     1 ||     4
  Eat: Chunk             |     1 |     9 |    14 |    25 |    44 |       ||    93
       Meat ration       |       |       |       |       |     1 |       ||     1
       Pizza             |       |       |       |       |     1 |       ||     1

Table legend:
 A = Turns spent in this place as a percentage of turns spent in the entire game.
 B = Non-inter-level travel turns spent in this place as a percentage of non-inter-level travel turns spent in the entire game.
 C = Inter-level travel turns spent in this place as a percentage of turns spent in this place.
 D = Turns resting spent in this place as a percentage of non-inter-level travel turns spent in this place.
 E = Turns spent auto-exploring this place as a percentage of non-inter-level travel turns spent in this place.
 F = Non-inter-level travel turns spent in this place divided by the number of levels of this place that you've seen.
                   A       B       C       D       E      F
               +-------+-------+-------+-------+-------+----------------------
         Total | 100.0 | 100.0 |   0.4 |   1.3 |   4.0 | 447.2
       Dungeon |  53.8 |  53.8 |   0.5 |   1.3 |   4.5 | 446.5
        Temple |   0.1 |   0.1 |  11.1 |   0.0 |  62.5 |   8.0
          Lair |  34.3 |  34.3 |   0.4 |   0.9 |   4.1 | 497.9
  Orcish Mines |   9.6 |   9.6 |   0.3 |   2.2 |   1.8 | 557.5
       Volcano |   2.3 |   2.3 |   0.0 |   0.7 |   0.4 | 270.0
               +-------+-------+-------+-------+-------+----------------------

Vault maps used:
D:1:      dpeg_arrival_rooms_a, serial_park_tiny_1, minivault_23
D:2:      minivault_11, kennysheep_generic_room_16
D:3:      first_bread, hangedman_decor_growths
D:5:      serial_shops, nicolae_shop_behind_doors
D:6:      cheibriados_altar_1, minitemple, grunt_temple_overflow_open,
          temple_fountains, serial_shops, shop, serial_bayou_pond_e
D:7:      good_gods_mini_temple, xom_confusion_cloud, grunt_ogre_cave,
          ashenzari_altar_1
D:8:      okawaru_ov_weapons_minmay, kennysheep_mini_moat, serial_shops, shop,
          nicolae_shop_stone, nicolae_gozag_cash_rules_everything_around_me
D:9:      lemuel_round_altar
D:10:     enter_bailey_3, serial_shops, nicolae_shop_statue_plus, uniq_maurice
D:11:     dragon1_lemuel, erik_lair_island, basic_altar, sword_in_stone,
          uniq_urug
D:12:     kennysheep_orc_monster_closet_entryway, kennysheep_minor_cross
D:13:     david_vaults_1, serial_bayou_crossing, uniq_maud
D:14:     kennysheep_treasure_stockpile, kennysheep_cross_room, uniq_agnes
Temple:   hc_temple_tempest_star_small
Lair:2:   grunt_megastairs_2
Lair:3:   enter_volcano_3, beast_lair_carwin_1
Lair:5:   minmay_swamp_entry_worms, basic_altar, small_statue_intersection,
          fungi_pond_lemuel, roderic_batcave, ice2_lemuel, grunt_megastairs_4,
          serial_bayou_shore_b, uniq_snorg
Lair:6:   dummy_spider_entry
Lair:7:   nicolae_slime_entry_slimehenge, lemuel_fruit_fields,
          serial_bayou_shore_a, grunt_megastairs_1, lemuel_fruit_fields
Lair:8:   hangedman_lair_tendril_chambers, special_room,
          nicolae_quartered_pool_super, lemuel_fruit_tree, uniq_rupert
Orc:1:    lemuel_ogre_cave, lightli_orcish_oven
Orc:2:    grunt_orc_gardens, grunt_orc_garden, grunt_orc_garden,
          grunt_orc_garden, grunt_orc_garden, uniq_nessos
Volcano:  volcano_tomb
